 Dungeon Crawl Stone Soup version 0.20-a0-223-g066d66b (webtiles) character file.

2892 FitzyFitz the Spear-Bearer (level 10, -1/63 HPs)
             Began as a Human Air Elementalist on Nov 29, 2016.
             Was a Priest of Vehumet.
             Slain by an orc warrior
             ... wielding a +0 hand axe
              (13 damage)
             ... on level 6 of the Dungeon on Nov 30, 2016.
             The game lasted 00:53:02 (11788 turns).

FitzyFitz the Spear-Bearer (HuAE)                  Turns: 11788, Time: 00:53:02

Health: -1/63      AC: 15    Str:  9 (10) XL:     10   Next: 5%
Magic:  13/13      EV:  5    Int: 17 (19) God:    Vehumet [***...]
Gold:   435        SH: 11    Dex: 12 (15) Spells: 7/13 levels left

rFire  x . .     SeeInvis .     w - +2 trident
rCold  + + .     Gourm    .     F - +1 ice dragon scales
rNeg   . . .     Faith    .     d - +0 shield
rPois  +         Spirit   .     u - +0 helmet
rElec  .         Reflect  .     (no cloak)
rCorr  .         Harm     .     l - +0 pair of gloves
MR     .....                    I - +0 pair of boots
Stlth  ..........               S - amulet of inaccuracy (curse)
                                (no ring)
                                p - ring of poison resistance

@: brilliant
A: large bone plates 1, dopey 1, regeneration 1
a: Renounce Religion


You were on level 6 of the Dungeon.
You worshipped Vehumet.
Vehumet was most pleased with you.
You were hungry.

You visited 2 branches of the dungeon, and saw 9 of its levels.

You collected 435 gold pieces.

Inventory:

Hand Weapons
 f - a +0 quarterstaff
 w - a +2 trident (weapon)
 y - a +2 whip of flaming
 M - a +0 hunting sling
 Q - a +0 blowgun
 R - a +1 dagger of venom
Missiles
 j - a throwing net (quivered)
 k - 479 stones
 q - 113 sling bullets
 J - 6 tomahawks
 O - 35 poisoned needles
Armour
 d - a +0 shield (worn)
 l - a +0 pair of gloves (worn)
 u - a +0 helmet (worn)
 A - a +2 robe of cold resistance
 F - +1 ice dragon scales (worn)
 I - a +0 pair of boots (worn)
Jewellery
 p - a ring of poison resistance (left hand)
 E - an uncursed ring of ice
 N - an uncursed amulet of regeneration
 S - a cursed amulet of inaccuracy (around neck)
Wands
 a - a wand of lightning (7/15)
 e - a wand of disintegration (2/24)
 v - a wand of iceblast (7/15)
 x - a wand of acid (0/15)
 H - a wand of iceblast (0/15)
 K - a wand of digging (16/24)
Scrolls
 h - a scroll of immolation
 i - a scroll of fog
 t - a scroll of blinking
Potions
 m - a potion of haste {unknown}
 r - a potion of magic
 L - a potion of brilliance
 P - a potion of berserk rage {unknown}
Books
 b - a book of Air

   Spells                             Type                      Level
   a - Shock                          Conjuration/Air              1
   b - Swiftness                      Charms/Air                   2
   c - Repel Missiles                 Charms/Air                   2
   d - Static Discharge               Conjuration/Air              3
   e - Lightning Bolt                 Conjuration/Air              5
Comestibles
 c - 2 bread rations
 g - a chunk of flesh
 n - 2 meat rations
 o - a royal jelly
 C - 8 fruits


   Skills:
 - Level 10.5 Polearms
 + Level 4.0 Armour
 - Level 2.0 Dodging
 - Level 2.0 Stealth
 - Level 2.0 Shields
 - Level 2.0 Spellcasting
 - Level 4.0 Conjurations
 - Level 5.2 Air Magic


You had 7 spell levels left.
You knew the following spells:

 Your Spells              Type           Power        Failure   Level  Hunger
a - Shock                 Conj/Air       ####         34%         1    #......
b - Static Discharge      Conj/Air       ####....     69%         3    ###....
c - Repel Missiles        Chrm/Air       ###...       73%         2    ###....


Dungeon Overview and Level Annotations

Branches:
Dungeon (8/15)             Temple (1/1) D:4
   Lair: D:8-11

Altars:
Ashenzari
Cheibriados
Dithmenos
Elyvilon
Fedhas
Gozag
Hepliaklqana
Kikubaaqudgha
Makhleb
Nemelex Xobeh
Okawaru
Qazlal
Ru
Sif Muna
Trog
Uskayaw
Vehumet
Xom
Yredelemnul
Zin
The Shining One

Annotations:
D:4 Eustachio
D:7 BluefootFox's ghost, novice HOFi
D:8 Prince Ribbit


Innate Abilities, Weirdness & Mutations

You are partially covered in large bone plates. (SH +4)
You are dopey. (Int -2)
Your natural rate of healing is unusually fast.


Message History

It was a potion of degeneration.
There was something very wrong with that liquid.
You feel weakened.
You feel dopey.
You feel clumsy.
The orc warrior hits you but does no damage.
It was a potion of mutation.
You feel extremely strange.
Large bone plates grow over parts of your arms.
You begin to heal more quickly.
You feel stupid.
The orc warrior hits you but does no damage.
Unknown command.
Unknown command.
You hit the orc warrior but do no damage.
The orc warrior is severely wounded.
The orc warrior hits you with a hand axe.
* * * LOW HITPOINT WARNING * * *
You hit the orc warrior.
The orc warrior is almost dead.
You closely miss the orc warrior.
The orc warrior is almost dead.
The orc warrior hits you with a hand axe!
You die...

#.#.#............#.#
#.#.############.#.# #)#.#
#.#.# #)#.# #.#.# #)#.#
#.#.# #.#.############.#.#
#.#..............#.#
#.################.#
...............o@..#
#.########################
..######.................#
...........#############.#
########.#.# #.#
.....###.#.# #.#
####...>.#.# #.# #######.#
#.# #.# #.#


You could see an orc warrior.

Vanquished Creatures
  Pikel (D:7)
  An orc warrior (D:6)
  2 ice beasts (D:6)
  A sky beast (D:5)
  A slave (D:7)
  4 ogres
  2 centaurs
  5 big kobolds
  2 bullfrogs (D:6)
  A scorpion (D:6)
  2 crimson imps
  A centaur zombie (D:7)
  3 jellies
  3 orc priests
  2 hounds
  A gnoll shaman (D:6)
  6 worker ants
  4 orc wizards
  A killer bee zombie (D:5)
  A hound zombie (D:7)
  A howler monkey zombie (D:6)
  A worker ant zombie (D:6)
  Robin (D:1)
  10 gnolls
  8 adders
  An adder skeleton (D:4)
  4 worms
  A dart slug (D:3)
  9 leopard geckos
  13 orcs
  2 ball pythons
  5 bats
  10 giant cockroaches
  15 goblins
  10 hobgoblins
  21 jackals
  3 quokkas
  A ball python skeleton (D:5)
  A ball python zombie (D:6)
  5 frilled lizards
  A jackal skeleton (D:4)
  44 kobolds
  11 rats
222 creatures vanquished.

Notes
Turn   | Place    | Note
-------+----------+-------------------------------------------
     0 | D:1      | FitzyFitz the Human Air Elementalist began the quest for the Orb.
     0 | D:1      | Reached XP level 1. HP: 13/13 MP: 3/3
   417 | D:1      | Reached XP level 2. HP: 11/19 MP: 3/5
   765 | D:1      | Reached XP level 3. HP: 21/24 MP: 3/6
  1188 | D:1      | Learned a level 3 spell: Static Discharge
  1191 | D:1      | Learned a level 2 spell: Repel Missiles
  1251 | D:2      | Noticed Robin
  1310 | D:2      | Reached XP level 4. HP: 12/30 MP: 0/7
  1887 | D:1      | Killed Robin
  2455 | D:3      | Found a faded altar of an unknown god.
  2657 | D:3      | Reached XP level 5. HP: 33/35 MP: 8/8
  2973 | D:3      | Reached skill level 1 in Polearms
  3138 | D:3      | Reached skill level 2 in Polearms
  3554 | D:4      | Noticed Eustachio
  3556 | D:4      | Found a snail-covered altar of Cheibriados.
  3557 | D:4      | Found a glowing golden altar of the Shining One.
  3905 | D:4      | Found a staircase to the Ecumenical Temple.
  3910 | Temple   | Entered the Ecumenical Temple
  3989 | Temple   | Became a worshipper of Vehumet
  4040 | D:4      | Reached XP level 6. HP: 32/41 MP: 9/9
  4214 | D:4      | Reached skill level 3 in Polearms
  4263 | D:4      | Reached skill level 1 in Armour
  4356 | D:4      | Reached skill level 1 in Shields
  4537 | D:4      | Noticed an ogre
  4554 | D:4      | Killed an ogre
  4712 | D:4      | Reached XP level 7. HP: 46/46 MP: 10/10
  4806 | D:4      | Reached skill level 4 in Polearms
  4848 | D:4      | Found a deep blue altar of Sif Muna.
  5010 | D:5      | Entered Level 5 of the Dungeon
  5012 | D:5      | Found a hide-covered altar of Uskayaw.
  5518 | D:5      | Reached skill level 5 in Polearms
  5809 | D:5      | Reached * piety under Vehumet
  5809 | D:5      | Offered knowledge of Sandblast by Vehumet.
  5869 | D:5      | Reached skill level 6 in Polearms
  5879 | D:5      | Reached XP level 8. HP: 21/52 MP: 11/11
  6813 | D:5      | Reached skill level 7 in Polearms
  7316 | D:5      | Offered knowledge of Searing Ray by Vehumet.
  7324 | D:5      | Reached ** piety under Vehumet
  7335 | D:5      | Reached skill level 8 in Polearms
  8065 | D:6      | Reached skill level 9 in Polearms
  8065 | D:6      | Reached XP level 9. HP: 46/57 MP: 12/12
  8235 | D:6      | Offered knowledge of Throw Frost by Vehumet.
  8692 | D:6      | Found a shattered altar of Ashenzari.
  8698 | D:6      | Found a bloodstained altar of Trog.
  9369 | D:7      | Reached skill level 10 in Polearms
  9717 | D:7      | Noticed BluefootFox's ghost (novice HOFi)
  9964 | D:7      | Found a deep blue altar of Sif Muna.
 10702 | D:6      | Reached *** piety under Vehumet
 11303 | D:8      | Noticed Prince Ribbit
 11430 | D:8      | Noticed Pikel
 11491 | D:7      | Killed Pikel
 11491 | D:7      | Reached skill level 5 in Air Magic
 11627 | D:6      | Reached XP level 10. HP: 63/63 MP: 13/13
 11772 | D:6      | Gained mutation: You are partially covered in large bone plates. (SH +4) [potion of mutation]
 11772 | D:6      | Gained mutation: Your natural rate of healing is unusually fast. [potion of mutation]
 11772 | D:6      | Gained mutation: You are dopey. (Int -2) [potion of mutation]
 11788 | D:6      | Slain by an orc warrior

Vault maps used:
D:1:      dpeg_chamrin_arrival_tetris, minivault_14, minmay_heptomino_o4
D:2:      uniq_robin
D:3:      chequers_ecumenical_altar_island
D:4:      gammafunk_temple_overflow_forgotten, first_bread,
          hangedman_feature_mirror, kennysheep_cross_room, uniq_eustachio
D:5:      minmay_goblin_kobold_castle, eat_drink_and_be_merry_uskayaw
D:6:      minitemple, grunt_ministairs_15
D:7:      basic_altar
D:8:      uniq_erica, uniq_pikel, uniq_prince_ribbit1
Temple:   eino_wide_crystal_templ

Skill      XL: |  1  2  3  4  5  6  7  8  9 10 |
---------------+-------------------------------+-----
Conjurations   | 2 3 4 |  4.0
Air Magic      | 4 5 |  5.2
Polearms       | 2 3 6 9 10 | 10.5
Armour         | 1 3 4 |  4.0
Shields        | 2 |  2.0
Dodging        | |  2.0
Stealth        | |  2.0
Spellcasting   | |  2.0

Action                   |  1- 3 |  4- 6 |  7- 9 | 10-12 || total
-------------------------+-------+-------+-------+-------++-------
Melee: Spear             |    79 |    43 |       |       ||   122
       Trident           |       |   373 |   828 |    74 ||  1275
 Fire: Hunting sling     |       |       |     3 |       ||     3
       Blowgun           |       |       |     3 |       ||     3
Throw: Throwing net      |       |     2 |     1 |       ||     3
 Cast: Shock             |    30 |    11 |       |     2 ||    43
       Static Discharge  |       |     5 |       |       ||     5
Evoke: Wand              |       |     4 |       |       ||     4
  Use: Potion            |       |     4 |     7 |     3 ||    14
       Scroll            |       |     1 |    14 |       ||    15
 Stab: Sleeping          |     1 |     2 |       |       ||     3
       Distracted        |       |     1 |       |       ||     1
  Eat: Chunk             |     2 |     9 |    13 |       ||    24
       Pizza             |       |     1 |     6 |       ||     7
       Royal jelly       |       |     1 |       |       ||     1
       Beef jerky        |       |       |     1 |       ||     1
Armor: Robe              |    24 |    25 |       |       ||    49
       Skin              |       |   220 |    28 |       ||   248
       Ice dragon scales |       |   212 |   410 |    15 ||   637
Dodge: Dodged            |    51 |   128 |   134 |    10 ||   323
Block: Shield            |       |   143 |   266 |    14 ||   423
